Map: [ESL] Goldenaura

Players

Stats - Winner!

  • Race: Protoss Protoss
  • Spawn Location: 5:00

Clem

  • Race: Terran Terran
  • Spawn Location: 12:00

Event: ESL Spring 2024 Finals

VOD

Have the link to the VOD?

Description

Time

  • Played on: May 31, 2024, 10:17 a.m.
  • Length: 14:38

All games in this series

Show
View Real Time Build Order
Export as new Build Order

Stats Protoss - Winner!

Build Orders: 1 Gate Expand, Blink Stalkers 

Get SALT Encoding   

  12  0:00  Probe  
  13  0:12  Probe  
  14  0:17  Pylon  
  14  0:24  Probe (Chrono Boost)  
  15  0:36  Probe (Chrono Boost)  
  15  0:37  Gateway  
  16  0:45  Probe (Chrono Boost)  
  16  0:46  Assimilator  
  17  0:51  Probe  
  18  1:03  Probe  
  19  1:15  Probe  
  20  1:24  Cybernetics Core  
  20  1:33  Nexus  
  20  1:36  Probe  
  21  1:44  Pylon  
  21  1:48  Assimilator  
  21  1:51  Probe  
  22  1:59  Adept (Chrono Boost)  
  22  2:03  Probe  
  22  2:04  Warp Gate  
  26  2:15  Probe  
  26  2:22  Stalker  
  28  2:27  Probe  
  29  2:35  Shield Battery  
  29  2:38  Twilight Council  
  29  2:40  Probe (Chrono Boost)  
  30  2:45  Probe (Chrono Boost)  
  32  2:52  Probe (Chrono Boost)  
  32  2:54  Stalker, Probe (Chrono Boost)  
  32  2:56  Probe (Chrono Boost)  
  36  2:59  Probe (Chrono Boost)  
  37  3:06  Probe  
  37  3:11  Probe  
  37  3:12  Blink (Chrono Boost)  
  39  3:13  Gateway  
  39  3:20  Probe  
  39  3:23  Probe  
  41  3:31  Robotics Facility  
  41  3:33  Probe  
  42  3:35  Probe  
  42  3:40  Pylon  
  43  3:45  Gateway, Probe  
  43  3:47  Probe  
  45  3:51  Assimilator  
  45  3:53  Assimilator  
  45  4:00  Probe x2  
  45  4:01  Stalker  
  49  4:08  Stalker  
  51  4:14  Pylon  
  51  4:16  Probe x2  
  53  4:28  Pylon  
  53  4:32  Probe  
  54  4:46  Observer (Chrono Boost), Probe, Pylon  
  54  4:47  Stalker x2  
  54  4:48  Stalker  
  54  4:52  Robotics Bay  
  62  4:54  Shield Battery  
  62  5:04  Observer (Chrono Boost)  
  63  5:09  Pylon  
  63  5:10  Nexus  
  63  5:16  Immortal (Chrono Boost)  
  65  5:23  Stalker x2  
  69  5:31  Stalker  
  71  5:36  Observer  
  71  5:41  Shield Battery, Probe x2  
  73  5:49  Extended Thermal Lance  
  73  5:53  Probe x2  
  73  5:55  Forge  
  73  5:56  Pylon  
  75  5:58  Observer (Chrono Boost)  
  76  6:04  Charge  
  76  6:05  Gateway, Probe  
  76  6:06  Probe  
  76  6:08  Colossus (Chrono Boost)  
  77  6:23  Probe (Chrono Boost)  
  86  6:25  Probe (Chrono Boost)  
  86  6:26  Probe (Chrono Boost)  
  86  6:27  Gateway, Protoss Ground Weapons Level 1  
  86  6:28  Gateway  
  85  6:36  Stalker x3  
  91  6:46  Probe x3  
  94  6:48  Gateway  
  94  6:52  Pylon  
  94  6:58  Colossus (Chrono Boost)  
  100  7:07  Probe  
  101  7:10  Probe x2  
  101  7:11  Zealot x3  
  101  7:15  Pylon  
  109  7:17  Pylon  
  109  7:19  Pylon  
  109  7:24  Pylon  
  109  7:44  Pylon  
  109  7:45  Observer, Nexus, Sentry  
  109  7:46  Zealot x6  
  109  7:50  Cybernetics Core  
  124  7:56  Gateway  
  124  7:58  Pylon  
  120  8:16  Probe (Chrono Boost)  
  120  8:17  Probe x2 (Chrono Boost)  
  123  8:28  Protoss Ground Weapons Level 2 (Chrono Boost), Probe (Chrono Boost)  
  123  8:29  Probe x2 (Chrono Boost)  
  123  8:34  Observer  
  127  8:36  Forge  
  127  8:37  Gateway, Probe x2 (Chrono Boost)  
  127  8:38  Pylon, Probe (Chrono Boost)  
  130  8:43  Probe x3  
  130  8:45  Nexus  
  130  8:46  Sentry x2, Pylon  
  137  8:51  Observer  
  137  8:55  Probe x3  
  141  9:00  Stalker x3  
  145  9:06  Photon Cannon  
  145  9:07  Probe  
  145  9:09  Protoss Ground Armor Level 1 (Chrono Boost)  
  146  9:13  Probe x3  
  149  9:17  Disruptor  
  149  9:23  Robotics Facility  
  153  9:35  Zealot x6  
  165  9:39  Probe x4  
  165  9:43  Shield Battery  
  168  9:51  Probe x4  
  168  9:52  Shield Battery  
  172  9:58  Pylon  
  172  9:59  Gateway, Pylon  
  172  10:02  Gateway, Disruptor (Chrono Boost)  
  172  10:06  Probe x2  
  180  10:10  Pylon  
  180  10:13  Disruptor (Chrono Boost)  
  178  10:19  Pylon  
  182  10:24  Nexus  
  182  10:25  Pylon  
  182  10:26  Pylon  
  182  10:27  Zealot x6  
  194  10:33  Gateway  
  194  10:40  Disruptor  
  198  10:45  Protoss Ground Weapons Level 3 (Chrono Boost)  
  198  10:48  Zealot  
  200  10:51  Protoss Ground Armor Level 2 (Chrono Boost)  
  162  11:11  Zealot x3  
  162  11:12  Zealot x7  
  162  11:17  Disruptor x2 (Chrono Boost)  
  164  11:23  Gateway, Pylon  
  164  11:24  Gateway  
  162  11:26  Gateway  
  162  11:27  Gateway  
  162  11:30  Gateway  
  162  11:31  Photon Cannon  
  162  11:36  Photon Cannon  
  162  11:41  Probe x5  
  162  11:45  Gateway, Stalker x6  
  179  11:51  Gateway  
  179  11:53  Stalker x3, Gateway  
  185  11:55  Gateway  
  185  11:56  Disruptor x2 (Chrono Boost)  
  193  12:14  Zealot x4  
  185  12:35  Zealot x7  
  183  12:57  Zealot x7  
  183  12:58  Zealot x4  
  179  13:17  Disruptor x2  
  179  13:18  Zealot x4  
  179  13:19  Zealot x12  
  199  13:26  Zealot x3  
  179  13:29  Zealot  
  181  13:39  Zealot x4  
  181  13:40  Zealot x7  
  191  14:09  Stalker x7  
  197  14:10  Zealot  
  185  14:30  Stalker x2  
  185  14:31  Stalker x3, Zealot x5  
Show
View Real Time Build Order
Export as new Build Order

Clem Terran 

Build Orders: 1/1/1 

Get SALT Encoding   

  12  0:00  SCV  
  13  0:12  SCV  
  14  0:17  Supply Depot  
  14  0:24  SCV  
  15  0:39  SCV  
  15  0:40  Barracks  
  16  0:43  Refinery  
  16  0:51  SCV  
  16  0:52  Refinery  
  17  1:03  SCV  
  18  1:15  SCV  
  19  1:27  Orbital Command, Barracks Reactor  
  19  1:31  Supply Depot  
  19  1:40  Factory  
  19  1:52  SCV  
  20  2:03  Reaper  
  20  2:05  SCV  
  22  2:15  Command Center  
  22  2:19  SCV  
  23  2:27  Starport  
  23  2:31  SCV  
  23  2:35  Supply Depot  
  24  2:40  Widow Mine  
  24  2:43  SCV  
  27  2:44  Marine  
  27  2:48  Marine  
  29  2:55  SCV  
  30  3:01  Cyclone  
  30  3:02  Marine  
  33  3:06  Marine  
  33  3:09  Medivac  
  36  3:13  SCV  
  37  3:20  Marine  
  37  3:24  Marine  
  37  3:26  SCV  
  40  3:33  Factory Tech Lab  
  40  3:38  Marine  
  40  3:39  SCV  
  42  3:41  Marine  
  43  3:48  Orbital Command  
  43  3:49  Supply Depot  
  43  3:51  SCV  
  44  3:56  Marine  
  44  3:57  Factory Tech Lab  
  44  3:58  Banshee  
  44  3:59  Marine  
  49  4:04  Cloaking Field  
  49  4:08  SCV  
  50  4:14  SCV, Marine  
  52  4:20  SCV  
  52  4:22  Supply Depot  
  52  4:24  Siege Tank  
  55  4:26  SCV  
  55  4:27  Marine  
  57  4:32  SCV, Marine  
  60  4:38  SCV  
  60  4:39  Supply Depot  
  60  4:44  SCV, Banshee  
  64  4:46  Supply Depot  
  64  4:49  Marine  
  64  4:50  SCV  
  66  4:53  Barracks  
  66  4:57  Siege Tank  
  69  5:03  SCV  
  69  5:04  SCV, Barracks  
  69  5:06  Marine  
  72  5:07  Marine  
  72  5:10  Supply Depot  
  73  5:15  SCV  
  73  5:17  SCV  
  73  5:24  Marine  
  73  5:25  Marine, Engineering Bay  
  73  5:27  SCV  
  75  5:29  SCV  
  75  5:34  Refinery  
  76  5:37  Starport Reactor  
  76  5:38  Factory Reactor  
  76  5:39  SCV  
  76  5:41  Supply Depot, SCV  
  78  5:45  Marine x2  
  80  5:50  Refinery  
  80  5:51  SCV, Marauder, Stimpack  
  80  5:55  Supply Depot, Terran Infantry Weapons Level 1  
  81  6:00  Marauder  
  81  6:02  SCV, Marine  
  81  6:03  Supply Depot, Marine  
  86  6:07  Combat Shield  
  86  6:16  Marauder  
  86  6:21  Supply Depot, Marauder  
  86  6:24  Marine x2, Medivac  
  92  6:28  Widow Mine  
  92  6:30  Widow Mine  
  96  6:38  Marauder  
  98  6:40  Medivac  
  98  6:42  Marine  
  98  6:43  Command Center  
  101  6:47  Supply Depot  
  101  6:48  Marine  
  101  6:50  Marauder  
  103  6:55  Widow Mine x2  
  103  7:00  Marine, Medivac  
  109  7:04  SCV  
  109  7:05  Supply Depot, SCV  
  111  7:09  Marine  
  111  7:14  Marauder x2  
  116  7:17  SCV x2  
  116  7:20  Supply Depot, Marine  
  117  7:23  Medivac  
  117  7:26  Widow Mine  
  117  7:29  SCV x2, Marine  
  124  7:35  Marauder  
  124  7:36  Supply Depot  
  124  7:38  Marine  
  124  7:40  Marauder  
  124  7:42  Medivac  
  129  7:51  SCV x2  
  129  7:53  Barracks  
  132  7:59  Barracks  
  132  8:01  Orbital Command  
  132  8:03  SCV, Marine  
  132  8:04  SCV  
  134  8:09  Viking  
  138  8:13  Widow Mine  
  138  8:15  SCV  
  138  8:17  Concussive Shells, Terran Infantry Armor Level 1  
  138  8:18  SCV  
  138  8:19  Marauder  
  142  8:21  Marauder  
  142  8:23  Marine  
  142  8:27  Viking  
  142  8:28  SCV  
  142  8:29  SCV  
  142  8:30  SCV  
  147  8:40  SCV, Ghost Academy, Marauder  
  149  8:41  SCV  
  149  8:42  SCV, Marauder  
  149  8:43  Bunker  
  149  8:44  Viking  
  155  8:51  Refinery  
  155  8:52  Supply Depot, SCV  
  155  8:53  Barracks Tech Lab, Barracks Reactor  
  155  8:54  SCV  
  157  8:57  Viking  
  157  9:01  Command Center  
  159  9:08  Refinery  
  159  9:10  Supply Depot  
  159  9:14  Viking  
  159  9:15  Marine x2  
  159  9:16  Supply Depot  
  163  9:17  Missile Turret  
  163  9:18  Marauder  
  163  9:23  SCV x3  
  168  9:24  Missile Turret  
  168  9:26  Supply Depot  
  168  9:27  Viking  
  168  9:31  Armory  
  170  9:32  Engineering Bay, Ghost  
  170  9:35  SCV  
  173  9:39  Ghost x2  
  173  9:44  Supply Depot  
  175  9:47  Marine x2  
  175  9:48  Marine  
  175  9:49  Marine  
  183  9:53  Viking  
  181  10:00  Ghost  
  181  10:02  Barracks  
  181  10:04  Barracks  
  181  10:06  SCV  
  181  10:07  SCV, Starport, Barracks  
  185  10:08  SCV  
  185  10:13  Ghost  
  185  10:14  Sensor Tower  
  185  10:19  SCV  
  188  10:24  Missile Turret, Marauder  
  188  10:25  Missile Turret  
  188  10:27  Terran Infantry Armor Level 2, Terran Infantry Weapons Level 2  
  190  10:30  Marauder  
  190  10:31  Planetary Fortress  
  192  10:40  Terran Ship Weapons Level 1  
  191  10:43  Marauder  
  191  10:46  Marauder  
  191  10:47  Viking  
  197  10:51  Marauder  
  197  10:55  Command Center  
  191  11:04  Marauder  
  191  11:06  Medivac  
  191  11:07  Marauder  
  191  11:08  Marine  
  191  11:10  Viking  
  191  11:11  Marine  
  166  11:12  Marine x2, Marauder  
  166  11:14  Marine  
  166  11:15  Marine  
  152  11:26  Marine, Marauder  
  152  11:28  Marauder, Viking  
  152  11:29  Marine  
  152  11:32  Barracks Tech Lab  
  158  11:34  Barracks Tech Lab, Marauder  
  158  11:35  Barracks Tech Lab  
  158  11:37  Marine x2, Medivac  
  158  11:39  Missile Turret  
  160  11:44  SCV x2, Refinery  
  160  11:45  Marine, Refinery  
  160  11:46  Marine  
  166  11:47  SCV, Marauder  
  166  11:50  Marauder  
  166  11:52  Viking  
  171  11:54  Liberator  
  171  11:55  Marauder x4  
  171  11:57  SCV x2  
  184  12:02  Marine x2  
  185  12:08  Marauder  
  185  12:10  Ghost  
  185  12:11  Marine  
  185  12:13  Marine  
  189  12:16  Marauder  
  189  12:17  Marauder x3  
  189  12:20  Marine  
  189  12:21  Medivac  
  189  12:22  Marine  
  190  12:28  Marine  
  182  12:30  Marauder  
  182  12:32  Marine  
  173  12:37  Ghost  
  173  12:38  Marine, Marauder x3  
  173  12:39  Marine  
  173  12:40  Marauder  
  184  12:46  Marine  
  184  12:50  Marine  
  178  12:51  Marauder  
  178  12:56  Marine  
  178  12:57  Marine  
  174  12:59  Marauder x3  
  174  13:00  Command Center  
  174  13:01  Marauder  
  174  13:04  Marine  
  177  13:06  Ghost  
  177  13:08  Marine  
  177  13:12  Ghost  
  177  13:14  Marine  
  177  13:15  Marine  
  151  13:20  Ghost  
  151  13:21  Marauder x2  
  151  13:22  Marine, Marauder  
  151  13:25  Marine  
  151  13:26  Medivac  
  159  13:27  Sensor Tower  
  159  13:31  Marine  
  159  13:33  Marine  
  161  13:35  Liberator, Marauder  
  161  13:40  Marine, Ghost  
  162  13:42  Marine x2  
  162  13:43  Marine x2  
  162  13:46  Medivac  
  166  13:49  Marine x2  
  166  13:51  Marine  
  165  13:56  Ghost  
  165  13:58  Marine  
  165  13:59  Ghost x2  
  165  14:02  Marine  
  168  14:04  Marauder  
  168  14:06  Marine  
  168  14:09  Marine x2, Ghost  
  150  14:15  Marine  
Tags
 
Add a new tag
Caveats
  • Supply blocks, unpowered buildings, or Contaminate may cause inaccurate times.
  • Supply counts are checked every 10 seconds.